 Dungeon Crawl Stone Soup version 0.22.1-2-g9c5b331 (webtiles) character file.

548 Lilu the Conjurer (level 7, -9/36 HPs)
             Began as a Deep Elf Conjurer on Nov 25, 2018.
             Killed from afar by a dream sheep (28 damage)
             ... with an exploding inner flame
             ... on level 4 of the Dungeon.
             The game lasted 00:11:22 (4255 turns).

Lilu the Conjurer (Deep Elf Conjurer)               Turns: 4255, Time: 00:11:24

Health: -9/36      AC:  4    Str:  5    XL:     7   Next: 7%
Magic:  0/17       EV: 11    Int: 22    God:
Gold:   165        SH:  5    Dex: 15    Spells: 14/17 levels left

rFire    . . .     SeeInvis .   z - +0 hunting sling
rCold    . . .     Gourm    .   l - +0 buckler
rNeg     . . .     Faith    .   b - +0 leather armour
rPois    .         Spirit   +   (no helmet)
rElec    .         Reflect  .   q - scarf {Spirit}
rCorr    .         Harm     .   (no gloves)
MR       .....                  B - +0 pair of boots
Stlth    ++........             h - amulet of regeneration
HPRegen  0.52/turn              E - ring of fire
MPRegen  0.15/turn              a - ring of ice

@: no status effects
A: no striking features
a: no special abilities


You were on level 4 of the Dungeon.
You were not hungry.

You visited 1 branch of the dungeon, and saw 4 of its levels.
You also visited: Ossuary.

You collected 165 gold pieces.

Inventory:

Hand Weapons
 x - a +0 trident
 z - a +0 hunting sling (weapon)
 C - a +2 dagger of freezing
Missiles
 j - 152 stones (quivered)
 m - 59 sling bullets
 n - 55 arrows
Armour
 b - a +0 leather armour (worn)
 l - a +0 buckler (worn)
 q - a scarf of spirit shield (worn)
 B - a +0 pair of boots (worn)
Jewellery
 a - a ring of ice (right hand)
 h - an amulet of regeneration (around neck)
 E - a ring of fire (left hand)
Scrolls
 k - 5 scrolls of remove curse {unknown}
 o - 3 scrolls of blinking {unknown}
 p - 14 scrolls of identify {unknown}
 t - a scroll of enchant armour {unknown}
 u - 2 scrolls of magic mapping {unknown}
 v - a scroll of immolation {unknown}
 y - a scroll of random uselessness {unknown}
 A - a scroll of noise {unknown}
 D - a scroll of teleportation {unknown}
 F - a scroll of vulnerability {unknown}
 G - a scroll of summoning {unknown}
 H - a scroll of fog {unknown}
 J - a scroll of amnesia {unknown}
Potions
 d - 4 potions of curing {unknown}
 e - 3 potions of mutation {unknown}
 f - a potion of agility {unknown}
 g - a potion of heal wounds {unknown}
 i - a potion of ambrosia {unknown}
 r - 2 potions of lignification {unknown}
 s - a potion of berserk rage {unknown}
 w - a potion of flight {unknown}
Comestibles
 c - 4 rations
 I - a chunk of flesh


   Skills:
 - Level 2.4 Dodging
 - Level 2.4 Stealth
 + Level 2.7 Shields
 + Level 5.7 Spellcasting
 * Level 7.4 Conjurations


You had 14 spell levels left.
You knew the following spells:

 Your Spells              Type           Power        Failure   Level  Hunger
a - Magic Dart            Conj           ####         1%          1    None
b - Searing Ray           Conj           #####.       1%          2    None

Your spell library contained the following spells:

 Spells                   Type           Power        Failure   Level  Hunger
 Iskenderun's Mystic Bla  Conj           #####...     9%          4    ####...
 Dazzling Spray           Conj/Hex       ###...       12%         3    ##.....
 Force Lance              Conj/Tloc      ###.....     38%         4    ####...
 Fulminant Prism          Conj/Hex       ###.......   38%         4    ####...


Dungeon Overview and Level Annotations

Branches:
Dungeon (4/15)
 Temple: D:4-7

Altars:
Gozag
Xom


Message History

Aim: a dream sheep (covered in liquid flames, fleeing, inner flame)
The searing ray hits the dream sheep.
The dream sheep is moderately wounded.
Your attack snaps the dream sheep out of its fear.
The dream sheep bleats! (Press . to maintain the ray.)
The dream sheep bleats! x3
The dream sheep burns! x5
The dream sheep shake their wool and sparkle.
You feel drowsy...
You fall asleep.
The dream sheep burns! x10
The dream sheep closely misses you.
The dream sheep burns! x5; The dream sheep bites you!!
You wake up.
The dream sheep burns! x2
The dream sheep explodes!
The dream sheep burns! x3
The dream sheep explodes!
The fiery explosion engulfs you!
Ouch! That really hurt!
You die...

#..... # .......
§###...... §.§......####
## §§§.........# #.
%...........###########.
Y.......................
Y..._§.§....############
Y....§.@..###
#.....§§§..#
#..........#
#..........#
..##########


You could see 3 dream sheep.

Vanquished Creatures
  A scorpion (D:4)
  A howler monkey (D:4)
  An orc priest (D:4)
  2 orc wizards
  A bullfrog skeleton (D:4)
  Natasha (D:4)
  4 big kobold zombies (Ossuary)
  2 mummies (Ossuary)
  8 adders
  3 gnolls (D:3)
  An ooze (D:2)
  3 adder zombies (Ossuary)
  2 dart slugs (D:2)
  2 leopard geckos
  10 orcs
  6 bats
  3 giant cockroaches
  2 gnoll zombies (Ossuary)
  8 goblins
  11 hobgoblins
  5 jackals
  9 kobolds
  A quokka (D:3)
  2 ball pythons
  5 frilled lizards
  6 hobgoblin zombies (Ossuary)
  5 kobold zombies (Ossuary)
  2 orc zombies (Ossuary)
  4 rats
111 creatures vanquished.

Vanquished Creatures (others)
  A dream sheep (D:4)
1 creature vanquished.

Grand Total: 112 creatures vanquished

Notes
Turn   | Place    | Note
-------+----------+-------------------------------------------
     0 | D:1      | Lilu the Deep Elf Conjurer began the quest for the Orb.
     0 | D:1      | Reached XP level 1. HP: 10/10 MP: 6/6
   198 | D:1      | Reached XP level 2. HP: 15/15 MP: 5/8
   275 | D:1      | Learned a level 2 spell: Searing Ray
   801 | D:1      | Reached skill level 5 in Conjurations
  1126 | D:1      | Reached XP level 3. HP: 19/19 MP: 5/10
  1453 | D:2      | Reached skill level 1 in Shields
  1755 | D:2      | Reached XP level 4. HP: 24/24 MP: 9/12
  2242 | D:3      | Reached XP level 5. HP: 28/28 MP: 8/13
  2243 | D:3      | Reached skill level 6 in Conjurations
  2298 | D:3      | Found an opulent altar of Gozag.
  2891 | D:4      | Noticed Natasha
  2895 | D:4      | Killed Natasha
  2962 | D:4      | Reached skill level 5 in Spellcasting
  2962 | D:4      | Reached XP level 6. HP: 32/32 MP: 7/15
  3046 | D:4      | Found a sand-covered staircase.
  3158 | Ossuary  | Entered an ossuary
  3441 | Ossuary  | Reached skill level 7 in Conjurations
  4100 | D:4      | Reached XP level 7. HP: 36/36 MP: 11/17
  4250 | D:4      | Found a shimmering altar of Xom.
  4250 | D:4      | Noticed a dream sheep
  4250 | D:4      | Noticed a dream sheep
  4250 | D:4      | Noticed a dream sheep
  4250 | D:4      | Noticed a dream sheep
  4250 | D:4      | Noticed a dream sheep
  4255 | D:4      | Killed a dream sheep
  4255 | D:4      | Killed a dream sheep
  4255 | D:4      | Killed from afar by a dream sheep

Skill      XL: |  1  2  3  4  5  6 |
---------------+-------------------+-----
Conjurations   | 5 6 7 |  7.4
Shields        | 1 2 |  2.7
Spellcasting   | 4 5 |  5.7
Dodging        | |  2.4
Stealth        | |  2.4

Action                   |  1- 3 |  4- 6 |  7- 9 || total
-------------------------+-------+-------+-------++-------
Melee: Spear             |     3 |       |       ||     3
       Trident           |       |     1 |       ||     1
       Dagger            |       |     7 |       ||     7
 Fire: Hunting sling     |       |     3 |       ||     3
 Cast: Magic Dart        |    79 |    63 |       ||   142
       Searing Ray       |     1 |    27 |     1 ||    29
 Stab: Sleeping          |     1 |     1 |       ||     2
  Eat: Chunk             |     2 |     5 |       ||     7
       Ration            |       |     1 |       ||     1
Armor: Robe              |     1 |     1 |       ||     2
       Leather armour    |       |    16 |       ||    16
Dodge: Dodged            |     6 |    22 |     1 ||    29
Block: Buckler           |     2 |     9 |       ||    11
